 Dungeon Crawl Stone Soup version 0.21.1-1-g345015fe64 (webtiles) character file.

67 Goboxel the Firebug (level 3, -1/26 HPs)
             Began as a Draconian Fire Elementalist on May 9, 2018.
             Slain by Ijyb
             ... wielding a +3 dagger of draining
              (3 damage)
             ... on level 1 of the Dungeon.
             The game lasted 00:03:09 (1877 turns).

Goboxel the Firebug (Draconian Fire Elementalist)   Turns: 1877, Time: 00:03:09

Health: -1/26      AC:  5    Str: 10    XL:     3   Next: 98%
Magic:  0/7        EV: 11    Int: 18    God:
Gold:   133        SH:  5    Dex: 11    Spells: 1/7 levels left

rFire    . . .     SeeInvis .   d - +0 short sword
rCold    . . .     Gourm    .   (no shield)
rNeg     . . .     Faith    .   (armour unavailable)
rPois    .         Spirit   .   (helmet restricted)
rElec    .         Reflect  +   (no cloak)
rCorr    .         Harm     .   (no gloves)
MR       .....                  (no boots)
Stlth    +.........             j - +5 amulet of reflection
HPRegen  0.08/turn              h - +2 ring of intelligence
MPRegen  0.10/turn              (no ring)

@: flying, heavily drained
A: unfitting armour, cold-blooded, AC +5
a: no special abilities


You were on level 1 of the Dungeon.
You were not hungry.

You visited 1 branch of the dungeon, and saw 2 of its levels.

You collected 133 gold pieces.

Inventory:

Hand Weapons
 d - a +0 short sword (weapon)
Jewellery
 h - a +2 ring of intelligence (left hand)
 j - a +5 amulet of reflection (around neck)
Scrolls
 e - a scroll of identify {unknown}
 f - a scroll of teleportation {unknown}
Potions
 c - a potion of curing
 g - a potion of flight
 k - a potion of resistance {unknown}
Books
 a - a book of Flames

   Spells                             Type                      Level
   a - Flame Tongue                   Conjuration/Fire             1
   b - Throw Flame                    Conjuration/Fire             2
   c - Conjure Flame                  Conjuration/Fire             3
   d - Inner Flame                    Hexes/Fire                   3
   e - Sticky Flame                   Conjuration/Fire             4
   f - Fireball                       Conjuration/Fire             5
Comestibles
 b - 4 rations


   Skills:
 - Level 1.7(0.0) Dodging
 - Level 1.7(0.0) Stealth
 + Level 2.8(0.0) Spellcasting
 + Level 2.3(0.0) Conjurations
 + Level 3.7(0.9) Fire Magic


You had one spell level left.
You knew the following spells:

 Your Spells              Type           Power        Failure   Level  Hunger
a - Flame Tongue          Conj/Fire      #....        19%         1    ##.....
b - Throw Flame           Conj/Fire      #.....       28%         2    ###....
c - Conjure Flame         Conj/Fire      #.......     50%         3    ####...


Dungeon Overview and Level Annotations

Branches:
Dungeon (2/15)

Altars:
Nemelex Xobeh
Xom
Zin

Annotations:
D:1 Ijyb


Innate Abilities, Weirdness & Mutations

Your plain brown scales are hard. (AC +5)
You cannot fit into any form of body armour.
You are cold-blooded and may be slowed by cold attacks.


Message History

Your magical contamination has completely faded away.
Casting: Flame Tongue
Confirm with . or Enter, or press ? or * to list all spells.
Aiming: Flame Tongue
Press: ? - help, Shift-Dir - straight line, f/p - Ijyb
Aim: Ijyb, wielding a dagger of draining and wearing a shiny ring mail (heavily wounded)
The flame tongue hits Ijyb.
Ijyb appears unharmed.
Ijyb is heavily wounded.
Ijyb closely misses you.
Casting: Flame Tongue
Confirm with . or Enter, or press ? or * to list all spells.
Aiming: Flame Tongue
Press: ? - help, Shift-Dir - straight line, f/p - Ijyb
Aim: Ijyb, wielding a dagger of draining and wearing a shiny ring mail (heavily wounded)
The flame tongue hits Ijyb.
Ijyb appears unharmed.
Ijyb is heavily wounded.
Ijyb hits you with a dagger of draining.
* * * LOW HITPOINT WARNING * * *
You feel drained.
You die...

#.# #.#####'## #.#
#....#..## #.# #....'..#.
#.# ######....#..## #.#
#...##.#####'## #.#
#...##.#...#.## #.#
#...##.#.>.'.#.
#.##########...##.#...#.##
#.......g@.'....#.#...#.##
############....#.#####'##
###..........#......#..##
#..(.........#......'....
#.#.#######..#.#....#..##
#.#.# #....#.#.#####+##
#.#.# #.##.#.#.#...#.##
#.#.# #.##.#.#.#...#.##
#.#.# #.##.#.#.#.<.'.#.


You could see Ijyb.

Vanquished Creatures
  2 adders (D:2)
  An ooze (D:1)
  2 worms (D:2)
  2 dart slugs
  2 ball pythons (D:2)
  4 bats
  2 giant cockroaches (D:1)
  3 hobgoblins
  2 kobolds
  A quokka (D:2)
  2 frilled lizards (D:2)
  8 goblins
  4 rats
35 creatures vanquished.

Notes
Turn   | Place    | Note
-------+----------+-------------------------------------------
     0 | D:1      | Goboxel the Draconian Fire Elementalist began the quest for the Orb.
     0 | D:1      | Reached XP level 1. HP: 14/14 MP: 3/3
   388 | D:1      | Reached XP level 2. HP: 20/20 MP: 0/5
   392 | D:1      | Learned a level 2 spell: Throw Flame
  1302 | D:2      | Found a sparkling altar of Nemelex Xobeh.
  1306 | D:2      | Reached XP level 3. HP: 26/26 MP: 1/6
  1377 | D:2      | Learned a level 3 spell: Conjure Flame
  1623 | D:2      | Found a shimmering altar of Xom.
  1692 | D:2      | Found a glowing silver altar of Zin.
  1792 | D:2      | Noticed Ijyb
  1877 | D:1      | Slain by Ijyb

Skill      XL: |  1  2  3 |
---------------+----------+-----
Conjurations   | 2 |  2.3
Dodging        | |  1.7
Stealth        | |  1.7
Spellcasting   | |  2.8
Fire Magic     | |  3.7

Action                   || total
-------------------------++-------
Melee: Short sword       ||    23
       Tailslap          ||     5
 Cast: Flame Tongue      ||    56
  Use: Potion            ||     2
  Eat: Chunk             ||     3
Armor: Skin              ||    11
Dodge: Dodged            ||    28
Block: Other             ||     9
